[Event "Titled Tuesday Blitz January 17 Early 2023"]
[White "Gareyev, Timur"]
[Black "Mohamed Anees M"]
[WhiteFideId "14200937"]
[BlackFideId "35065815"]
[WhiteElo "2617"]
[BlackElo "2315"]
[Result "1-0"]
[Round "04"]
[TimeControl "180+2"]
[Date "2023.01.17"]
[WhiteClock "0:00:05"]
[BlackClock "0:00:16"]

1. d4 d5 2. c4 c6 3. Nf3 Nf6 4. Nc3 e6 5. e3 Nbd7 6. Be2 Bd6 7. O-O O-O 8. Qc2 dxc4 9. a4 e5 10. Bxc4 Qe7 11. h3 e4 12. Ng5 Nb6 13. Bb3 Bf5 14. f3 Rae8 15. fxe4 Bxe4 16. Ncxe4 Nxe4 17. Rxf7 Qxg5 18. Rf5+ Nd5 19. Rxg5 Nxg5 20. Bd2 Kh8 21. Bxd5 cxd5 22. Qb3 Ne4 23. Bb4 Bxb4 24. Qxb4 Rf7 25. Rf1 Rxf1+ 26. Kxf1 b6 27. Qb5 Nf6 28. Ke2 h6 29. Qc6 Re7 30. g4 Kh7 31. b4 Re4 32. a5 bxa5 33. bxa5 Re7 34. a6 Ne4 35. Ke1 Ng5 36. Qxd5 Rxe3+ 37. Kd2 Re7 38. h4 Ne4+ 39. Kd3 Nf2+ 40. Kc4 g6 41. h5 Nxg4 42. Qb7 Rg7 43. hxg6+ Kxg6 44. Kc5 Nf6 45. Qg2+ Kh7 46. Qc2+ Kh8 47. Qh2 Kh7 48. Kc4 h5 49. d5 Rg4+ 50. Kc5 Rg5 51. Qc7+ Rg7 52. Qd8 Ne4+ 53. Kc6 Rg6+ 54. Kb7 Rg7+ 55. Kc6 Rg6+ 56. Kb5 Nd6+ 57. Ka4 Rg4+ 58. Kb3 Rg6 59. Qe7+ Kh6 60. Qxa7 h4 61. Qe3+ Kh5 62. a7 Rg3 63. Qxg3 hxg3 64. a8=Q g2 65. Qg8 1-0


[Site "https://www.chess.com"]

[Event "Titled Tuesday Blitz January 17 Early 2023"]
[White "Ansh M Shah"]
[Black "Murzin, Volodar"]
[WhiteFideId "25033379"]
[BlackFideId "44155573"]
[WhiteElo "2171"]
[BlackElo "2604"]
[Result "0-1"]
[Round "04"]
[TimeControl "180+2"]
[Date "2023.01.17"]
[WhiteClock "0:00:01"]
[BlackClock "0:00:44"]

1. d4 Nf6 2. c4 g6 3. h4 Bg7 4. Nc3 d6 5. e4 O-O 6. Be2 h5 7. Nf3 c5 8. d5 b5 9. cxb5 a6 10. a4 axb5 11. Bxb5 Ba6 12. Bd2 Nbd7 13. O-O Ng4 14. Bxa6 Rxa6 15. Qe2 Qa8 16. b3 Rb8 17. Rab1 Rab6 18. Nb5 Qb7 19. Bg5 Ndf6 20. Rfe1 Ne8 21. Nh2 Nxh2 22. Kxh2 Nc7 23. Nxc7 Qxc7 24. Qd3 Qb7 25. Re3 Rb4 26. Kg1 c4 27. Qd1 cxb3 28. a5 b2 29. a6 Qxa6 30. Bxe7 Re8 31. Bg5 Rexe4 32. Rxe4 Rxe4 33. Qc2 Qe2 34. Qxe2 Rxe2 35. Be3 Rc2 0-1


[Site "https://www.chess.com"]

[Event "Titled Tuesday Blitz January 17 Early 2023"]
[White "Duda, Jan-Krzysztof"]
[Black "Omelja, Artem"]
[WhiteFideId "1170546"]
[BlackFideId "14119846"]
[WhiteElo "2724"]
[BlackElo "2446"]
[Result "1-0"]
[Round "04"]
[TimeControl "180+2"]
[Date "2023.01.17"]
[WhiteClock "0:00:26"]
[BlackClock "0:00:38"]

1. b3 e5 2. Bb2 d6 3. e3 Nf6 4. Nf3 Be7 5. d4 e4 6. Nfd2 d5 7. c4 c6 8. Qc1 O-O 9. Ba3 Nbd7 10. Be2 Re8 11. Nc3 Nf8 12. Bxe7 Qxe7 13. cxd5 cxd5 14. Nb5 Be6 15. Qc5 a6 16. Nc7 Rac8 17. Qxe7 Rxe7 18. Nxe6 Nxe6 19. O-O Rec7 20. Rfd1 h6 21. Kf1 Rc2 22. Ke1 Rb2 23. Rdb1 Rxb1+ 24. Nxb1 Kf8 25. Kd2 Ke7 26. Nc3 Kd6 27. b4 Nd7 28. Na4 f5 29. Nc5 Ndxc5 30. bxc5+ Kc7 31. Rb1 Nd8 32. Bh5 Nc6 33. h4 Rf8 34. f4 exf3 35. gxf3 g5 36. hxg5 hxg5 37. Rg1 Rg8 38. Bf7 Rg7 39. Bxd5 f4 40. Be4 fxe3+ 41. Kxe3 Nd8 42. d5 b6 43. d6+ Kd7 44. cxb6 Kxd6 45. Rd1+ Ke7 46. b7 Nxb7 47. Bxb7 Rg6 48. Be4 Rb6 49. Rd5 Kf6 50. Rf5+ Ke6 51. Rxg5 Rb2 52. Rg6+ Ke5 53. f4# 1-0


[Site "https://www.chess.com"]

[Event "Titled Tuesday Blitz January 17 Early 2023"]
[White "Carnicelli, Valerio"]
[Black "Sadhwani, Raunak"]
[WhiteFideId "856185"]
[BlackFideId "35093487"]
[WhiteElo "2370"]
[BlackElo "2627"]
[Result "0-1"]
[Round "04"]
[TimeControl "180+2"]
[Date "2023.01.17"]
[WhiteClock "0:00:10"]
[BlackClock "0:01:13"]

1. b3 g6 2. Bb2 Nf6 3. Nf3 Bg7 4. g3 O-O 5. Bg2 d6 6. d4 b5 7. O-O Bb7 8. Nbd2 Nbd7 9. a4 b4 10. a5 Rb8 11. e3 c5 12. dxc5 Nxc5 13. Nc4 Qc7 14. Qe2 Rfc8 15. Rfd1 Ba6 16. Qe1 Nce4 17. Nfd2 Nxd2 18. Qxd2 Bxc4 19. bxc4 Qxc4 20. Bd4 Ne8 21. Bxa7 Bxa1 22. Rxa1 Ra8 23. Bxa8 Rxa8 24. Bd4 Nc7 25. Bb2 Na6 26. e4 Rc8 27. Rc1 Qxe4 28. Re1 Rxc2 29. Qd1 Qf5 30. g4 Qxf2+ 31. Kh1 Qxh2# 0-1


[Site "https://www.chess.com"]

[Event "Titled Tuesday Blitz January 17 Early 2023"]
[White "Narayanan.S.L"]
[Black "Aggelis, Nikolaos"]
[WhiteFideId "5058422"]
[BlackFideId "4213220"]
[WhiteElo "2660"]
[BlackElo "2270"]
[Result "1-0"]
[Round "04"]
[TimeControl "180+2"]
[Date "2023.01.17"]
[WhiteClock "0:01:00"]
[BlackClock "0:00:23"]

1. e4 c6 2. Nc3 d5 3. Qe2 dxe4 4. Nxe4 Bf5 5. Nf3 Bxe4 6. Qxe4 Nf6 7. Qe2 e6 8. g3 Nbd7 9. Bg2 Bd6 10. O-O O-O 11. d4 Re8 12. Rd1 Qc7 13. c3 e5 14. dxe5 Nxe5 15. Nxe5 Bxe5 16. Qc2 Rad8 17. Be3 Ng4 18. Rxd8 Rxd8 19. Bd2 Qd6 20. Be1 Bf6 21. Bf3 Ne5 22. Be2 Nd3 23. Bxd3 Qxd3 24. Qxd3 Rxd3 25. Kf1 Kf8 26. Ke2 Rd5 27. a4 Ke7 28. f4 Kd7 29. Bf2 a6 30. a5 h5 31. c4 Rd6 32. Ra3 Kc8 33. b4 g6 34. Bc5 Re6+ 35. Kf3 Be7 36. Bxe7 Rxe7 37. Re3 Kd7 38. Rxe7+ Kxe7 39. g4 Kf6 40. gxh5 gxh5 41. Ke4 Ke6 42. f5+ Kd6 43. c5+ Ke7 44. Kf4 h4 45. Ke5 h3 46. f6+ Ke8 47. Kf4 Kd7 48. Kf5 Kd8 49. Kg4 Kd7 50. Kxh3 Ke6 51. Kg4 Kxf6 52. h4 Kg6 53. h5+ Kh6 54. Kf5 Kxh5 55. Kf6 Kg4 56. Kxf7 Kf5 57. Ke7 Ke5 58. Kd7 Kd5 59. Kc7 Kc4 60. Kxb7 Kxb4 61. Kb6 1-0


[Site "https://www.chess.com"]

[Event "Titled Tuesday Blitz January 17 Early 2023"]
[White "Bortnyk, Mykola"]
[Black "Niekras, Dawid"]
[WhiteFideId "14120836"]
[BlackFideId "1160451"]
[WhiteElo "2425"]
[BlackElo "2315"]
[Result "1-0"]
[Round "04"]
[TimeControl "180+2"]
[Date "2023.01.17"]
[WhiteClock "0:01:37"]
[BlackClock "0:00:02"]

1. d4 Nf6 2. c4 g6 3. Nc3 Bg7 4. Bg5 O-O 5. Qd2 c5 6. d5 b5 7. cxb5 a6 8. e4 d6 9. Nf3 Qa5 10. Bd3 axb5 11. Nxb5 Qb6 12. O-O Ba6 13. a4 Nbd7 14. Rfe1 Rfb8 15. b3 Kf8 16. Bh6 Ne8 17. Bxg7+ Kxg7 18. e5 Nxe5 19. Nxe5 dxe5 20. Rxe5 Bxb5 21. Bxb5 Qf6 22. Rae1 Nd6 23. Rxe7 Nxb5 24. axb5 Rxb5 25. d6 Rd8 26. d7 Rb7 27. Qd5 Rc7 28. h4 Qc6 29. Qxf7+ 1-0


[Site "https://www.chess.com"]

[Event "Titled Tuesday Blitz January 17 Early 2023"]
[White "Czernek, Tymon"]
[Black "Timofeev, Artyom"]
[WhiteFideId "1199510"]
[BlackFideId "4140419"]
[WhiteElo "2314"]
[BlackElo "2567"]
[Result "0-1"]
[Round "04"]
[TimeControl "180+2"]
[Date "2023.01.17"]
[WhiteClock "0:00:19"]
[BlackClock "0:01:04"]

1. e4 c5 2. Nf3 Nc6 3. d4 cxd4 4. Nxd4 e5 5. Nb5 a6 6. Nd6+ Bxd6 7. Qxd6 Qe7 8. Qd3 Nf6 9. Nc3 Nb4 10. Qd1 h6 11. Be3 d5 12. exd5 Bf5 13. Rc1 Rd8 14. Bc4 b5 15. Bb3 Be6 16. O-O Nbxd5 17. Nxd5 Bxd5 18. Bxd5 Nxd5 19. Qg4 f6 20. Rfd1 Kf7 21. Qh5+ g6 22. Qf3 Qe6 23. Bc5 h5 24. h4 Rd7 25. c4 bxc4 26. Rxc4 Rhd8 27. Rdc1 Qf5 28. Qxf5 gxf5 29. Ba3 Nf4 30. R1c2 Rd1+ 31. Kh2 R1d2 32. g3 Rxc2 33. Rxc2 Ne6 34. Rc6 a5 35. Ra6 Rd5 36. Ra7+ Kg6 37. Ra6 Nc7 38. Be7 Nxa6 0-1


[Site "https://www.chess.com"]

[Event "Titled Tuesday Blitz January 17 Early 2023"]
[White "Leiva, Gianmarco"]
[Black "Dominguez Perez, Leinier"]
[WhiteFideId "3804399"]
[BlackFideId "3503240"]
[WhiteElo "2392"]
[BlackElo "2739"]
[Result "0-1"]
[Round "04"]
[TimeControl "180+2"]
[Date "2023.01.17"]
[WhiteClock "0:00:02"]
[BlackClock "0:00:03"]

1. e4 Nf6 2. e5 Nd5 3. d4 d6 4. Nf3 dxe5 5. Nxe5 c6 6. Be2 Bf5 7. O-O Nd7 8. Nf3 e6 9. c3 Bd6 10. Re1 O-O 11. Nbd2 Nf4 12. Bf1 Nd3 13. Bxd3 Bxd3 14. Ne4 Bxe4 15. Rxe4 Qa5 16. Bf4 Bxf4 17. Rxf4 Rad8 18. Re4 h6 19. Qb3 Qc7 20. Ree1 c5 21. Rad1 cxd4 22. Nxd4 Nf6 23. Nf3 a6 24. h3 Rd5 25. Rxd5 Nxd5 26. Ne5 Rd8 27. Qc4 Qb6 28. Qb3 Qc7 29. Qc4 Qxc4 30. Nxc4 Nf4 31. h4 b5 32. Ne3 Rd2 33. Rb1 g5 34. hxg5 hxg5 35. Kf1 Nd3 36. Rd1 Rxd1+ 37. Nxd1 f5 38. g3 g4 39. Ke2 Nc5 40. Ne3 Kf7 41. b3 Kf6 42. Nc2 e5 43. Nb4 Ke6 44. Nd3 Ne4 0-1


[Site "https://www.chess.com"]

[Event "Titled Tuesday Blitz January 17 Early 2023"]
[White "Esipenko, Andrey"]
[Black "Kodinets, Konstantin L."]
[WhiteFideId "24175439"]
[BlackFideId "4122011"]
[WhiteElo "2679"]
[BlackElo "2409"]
[Result "1/2-1/2"]
[Round "04"]
[TimeControl "180+2"]
[Date "2023.01.17"]
[WhiteClock "0:00:13"]
[BlackClock "0:00:26"]

1. c4 c6 2. Nf3 d6 3. d4 Nd7 4. Nc3 Ngf6 5. e4 e5 6. Be2 Be7 7. O-O O-O 8. h3 a6 9. d5 cxd5 10. cxd5 b5 11. a3 Nb6 12. Be3 Bd7 13. Nd2 Qb8 14. Rc1 Rc8 15. Bd3 Ra7 16. Qe2 Rac7 17. Rc2 h6 18. Rfc1 Ne8 19. b3 Bg5 20. Bxg5 hxg5 21. Qe3 g4 22. h4 Nf6 23. Nf1 a5 24. Ng3 b4 25. axb4 axb4 26. Na2 Rxc2 27. Rxc2 Rxc2 28. Bxc2 Nc8 29. Qd2 Qa7 30. Nxb4 Qa1+ 31. Kh2 Na7 32. Bd3 Qd4 33. Nc2 Qb2 34. Qb4 Kh7 35. Qa3 Qc3 36. b4 Qd2 37. Qxa7 Qxd3 38. Ne3 Qd2 39. Nef5 Qxb4 40. Nh5 Nxh5 41. Qxd7 Qxe4 42. Qxf7 Qf4+ 43. Kg1 Qc1+ 44. Kh2 Qf4+ 45. Kg1 Qc1+ 46. Kh2 Qf4+ 1/2-1/2


[Site "https://www.chess.com"]

[Event "Titled Tuesday Blitz January 17 Early 2023"]
[White "Predke, Alexandr"]
[Black "Kochetov, Andrey"]
[WhiteFideId "24107581"]
[BlackFideId "24130532"]
[WhiteElo "2685"]
[BlackElo "2165"]
[Result "1-0"]
[Round "04"]
[TimeControl "180+2"]
[Date "2023.01.17"]
[WhiteClock "0:00:07"]
[BlackClock "0:00:02"]

1. e4 c5 2. Nf3 d6 3. Nc3 Nf6 4. h3 Nc6 5. d4 cxd4 6. Nxd4 g6 7. Be3 Bg7 8. Qd2 Bd7 9. O-O-O Rc8 10. Kb1 O-O 11. Nxc6 Bxc6 12. f3 a6 13. Bh6 b5 14. Bd3 Qb6 15. h4 b4 16. Ne2 Qc5 17. h5 Nxh5 18. g4 Qe5 19. Bxg7 Nxg7 20. Qh6 f6 21. f4 Qc5 22. Qxh7+ Kf7 23. Rh6 Bb5 24. Qxg6+ Ke6 25. c4 Bxc4 26. Bxc4+ Qxc4 27. Nd4+ Kd7 28. Qxg7 Rg8 29. Qh7 Rcf8 30. Qf5+ Kd8 31. Ne6+ Ke8 32. Nxf8 Kxf8 33. Rc1 Qd3+ 34. Ka1 Kg7 35. Rh7+ Kf8 36. Rc8# 1-0


[Site "https://www.chess.com"]

[Event "Titled Tuesday Blitz January 17 Early 2023"]
[White "Xu, Yi"]
[Black "Korchmar, Vasiliy"]
[WhiteFideId "8605564"]
[BlackFideId "24131750"]
[WhiteElo "2527"]
[BlackElo "2438"]
[Result "1/2-1/2"]
[Round "04"]
[TimeControl "180+2"]
[Date "2023.01.17"]
[WhiteClock "0:00:04"]
[BlackClock "0:00:07"]

1. e4 c5 2. Nf3 d6 3. d4 cxd4 4. Nxd4 Nf6 5. Nc3 Nc6 6. Bg5 Bd7 7. Qd2 a6 8. f4 e6 9. O-O-O Be7 10. Nf3 b5 11. Bxf6 gxf6 12. Kb1 Qb6 13. g3 O-O-O 14. f5 Kb8 15. fxe6 fxe6 16. Bh3 Rhe8 17. Rhf1 Ne5 18. Nd4 Bf8 19. Nce2 Qb7 20. Qc1 Qxe4 21. Nf4 Bh6 22. Rfe1 Qb7 23. Nb3 Qc7 24. Qe3 Nc4 25. Qd3 Bxf4 26. gxf4 e5 27. Bg2 Bc6 28. Bxc6 Qxc6 29. fxe5 fxe5 30. Qxh7 Rh8 31. Qe7 Rd7 32. Qg5 Rxh2 33. Rc1 a5 34. Qg8+ Kb7 35. Qxc4 bxc4 36. Nxa5+ Kb6 37. Nxc6 Kxc6 38. Rcd1 Rf7 39. Re4 Kc5 40. b3 cxb3 41. axb3 d5 42. Rxe5 Rd7 43. Kb2 Rg2 44. Re3 Rh2 45. Rc3+ Kb5 46. Rcd3 Kc5 47. Rc3+ Kb5 48. Rd4 Rd6 49. Ka3 Ra6+ 50. Kb2 Rc6 51. Rxd5+ Kb6 52. Rxc6+ Kxc6 53. Rd4 Rh3 54. Rd3 Rh6 55. b4 Kb5 56. Kb3 Rh4 57. Rd5+ Kc6 58. c4 Rh1 59. b5+ Kb6 60. Rd6+ Kc5 61. Rd5+ Kb6 62. Rd3 Rb1+ 63. Kc3 Rc1+ 64. Kb4 Rb1+ 65. Rb3 Rh1 66. c5+ Kc7 67. Ka5 Ra1+ 68. Kb4 Rg1 69. Rc3 Rb1+ 70. Kc4 Rg1 71. Rd3 Rc1+ 72. Kd5 Rb1 73. b6+ Kb7 74. Rd4 Rh1 75. Rg4 Rd1+ 76. Kc4 Rc1+ 77. Kb5 Rb1+ 78. Rb4 Rc1 79. Ra4 Rb1+ 80. Kc4 Rc1+ 81. Kd5 Rd1+ 82. Rd4 Rc1 83. Kd6 Rc2 84. Rd5 Rc1 85. Kd7 Rc2 86. Kd6 Rc1 87. Rh5 Rd1+ 88. Rd5 Rc1 1/2-1/2


[Site "https://www.chess.com"]

[Event "Titled Tuesday Blitz January 17 Early 2023"]
[White "Grandelius, Nils"]
[Black "Iskusnyh, Sergei"]
[WhiteFideId "1710400"]
[BlackFideId "4120027"]
[WhiteElo "2664"]
[BlackElo "2440"]
[Result "1/2-1/2"]
[Round "04"]
[TimeControl "180+2"]
[Date "2023.01.17"]
[WhiteClock "0:00:04"]
[BlackClock "0:00:07"]

1. e4 e6 2. Qe2 c5 3. Nf3 Nc6 4. g3 g6 5. Bg2 Bg7 6. O-O Nge7 7. c3 O-O 8. d4 d6 9. Be3 b6 10. Na3 Bb7 11. Rfd1 Qb8 12. d5 exd5 13. exd5 Na5 14. c4 Nf5 15. Bf4 Re8 16. Qc2 a6 17. Rab1 Bc8 18. Qa4 Re7 19. Re1 Bd7 20. Qc2 Qe8 21. Rxe7 Qxe7 22. Re1 Qf8 23. Nb1 Re8 24. Rxe8 Qxe8 25. Nbd2 b5 26. b3 Nd4 27. Nxd4 Qe1+ 28. Bf1 Bxd4 29. Nf3 Qa1 30. Nxd4 cxd4 31. Bxd6 Bh3 32. Qe2 bxc4 33. Qe8+ Kg7 34. Bf8+ Kf6 35. Qe7+ Kf5 36. Qxf7+ Ke4 37. Qe7+ Kxd5 38. bxc4+ Kc6 39. Qc5+ Kd7 40. Qd5+ Ke8 41. Qa8+ Kf7 42. Qf3+ Ke8 43. Qa8+ Kf7 44. Qf3+ Ke8 45. Qa8+ 1/2-1/2


[Site "https://www.chess.com"]

[Event "Titled Tuesday Blitz January 17 Early 2023"]
[White "Moroni, Luca Jr"]
[Black "Skatchkov, Valery"]
[WhiteFideId "865834"]
[BlackFideId "24195812"]
[WhiteElo "2535"]
[BlackElo "2167"]
[Result "0-1"]
[Round "04"]
[TimeControl "180+2"]
[Date "2023.01.17"]
[WhiteClock "0:01:07"]
[BlackClock "0:00:36"]

1. d4 Nf6 2. c4 e6 3. Nc3 Bb4 4. Nf3 b6 5. e3 O-O 6. Bd3 Bb7 7. O-O d6 8. Ne2 Bxf3 9. gxf3 d5 10. Ng3 c6 11. b3 Nbd7 12. Bb2 a5 13. Rc1 Bd6 14. f4 Kh8 15. Kh1 Rg8 16. Rg1 Qb8 17. Qf3 a4 18. Bb1 axb3 19. axb3 Ba3 20. Qe2 Bxb2 21. Qxb2 c5 22. f5 e5 23. cxd5 exd4 24. e4 Qf4 25. Qe2 Ne5 26. Kg2 Ra1 27. Bd3 Rxc1 28. Rxc1 Qxc1 29. Bb5 Qc3 30. f4 d3 31. Qe3 Qc2+ 32. Kh3 Neg4 33. Qg1 d2 34. Be2 d1=Q 35. Bxd1 Qxd1 36. Qxd1 Nf2+ 37. Kg2 Nxd1 38. Kf3 Nc3 39. d6 Rd8 40. e5 Ne8 41. Nh5 Nxd6 42. exd6 Rxd6 43. Ke3 Kg8 44. h3 Kf8 45. Ng3 b5 0-1


[Site "https://www.chess.com"]

[Event "Titled Tuesday Blitz January 17 Early 2023"]
[White "Paichadze, Luka"]
[Black "Divya Deshmukh"]
[WhiteFideId "13602934"]
[BlackFideId "35006916"]
[WhiteElo "2515"]
[BlackElo "2372"]
[Result "1-0"]
[Round "04"]
[TimeControl "180+2"]
[Date "2023.01.17"]
[WhiteClock "0:01:27"]
[BlackClock "0:00:21"]

1. e4 c5 2. b3 Nc6 3. Bb2 e6 4. Bb5 d5 5. Qe2 dxe4 6. Bxc6+ bxc6 7. Qxe4 Qd5 8. Nc3 Qxe4+ 9. Nxe4 f5 10. Ng5 Nf6 11. N5f3 Bd6 12. Ne5 O-O 13. Ngf3 Bb7 14. d3 a5 15. a4 Nd5 16. O-O-O Nf4 17. g3 Ne2+ 18. Kb1 Nd4 19. Rhe1 Nxf3 20. Nxf3 Rae8 21. Ne5 Bc7 22. f4 Rd8 23. Ba3 Bxe5 24. Rxe5 Rfe8 25. Rde1 Kf7 26. Rxc5 Rd5 27. Re5 Ra8 28. Bb2 g6 29. Bc3 Ke7 30. Bxa5 Kd6 31. Bb4 Rxc5 32. Bxc5+ Kd7 33. Kb2 h5 34. h4 Ra5 35. c4 Ra8 36. d4 Ba6 37. Kc3 Rb8 38. b4 Rb7 39. b5 cxb5 40. axb5 Bxb5 41. cxb5 Rxb5 42. Bb4 Rb6 43. Ra5 Rc6+ 44. Bc5 Rc7 45. Ra7 Rxa7 46. Bxa7 Kd6 47. Kc4 Kc6 48. Bc5 1-0


[Site "https://www.chess.com"]

[Event "Titled Tuesday Blitz January 17 Early 2023"]
[White "Ginzburg, Yakov"]
[Black "Galchenko, Matvey"]
[WhiteFideId "4157176"]
[BlackFideId "24175480"]
[WhiteElo "2405"]
[BlackElo "2438"]
[Result "0-1"]
[Round "04"]
[TimeControl "180+2"]
[Date "2023.01.17"]
[WhiteClock "0:00:01"]
[BlackClock "0:00:17"]

1. e4 e6 2. d4 d5 3. e5 c5 4. Qg4 cxd4 5. Bd3 Ne7 6. Nf3 Nec6 7. O-O Nd7 8. Bf4 Nc5 9. Nbd2 Bd7 10. Nb3 Nxd3 11. cxd3 Qb6 12. Rac1 h5 13. Qh4 Nb4 14. Nfxd4 Nxd3 15. Rc2 Nxf4 16. Qxf4 Be7 17. Rc3 Rc8 18. Rxc8+ Bxc8 19. Rc1 Bd7 20. Rc3 a5 21. h4 a4 22. Nc1 Qxb2 23. Rg3 g6 24. Rf3 Rf8 25. Nd3 Qxa2 26. Qc1 Qc4 27. Qb1 Qxd4 28. Qxb7 Qc4 29. Rf4 d4 30. Nb2 Qc1+ 31. Kh2 Qxf4+ 32. Kh3 Qxh4# 0-1


[Site "https://www.chess.com"]

[Event "Titled Tuesday Blitz January 17 Early 2023"]
[White "Krzyzanowski, Marcin"]
[Black "Pham, Khoi"]
[WhiteFideId "1132199"]
[BlackFideId "1054988"]
[WhiteElo "2512"]
[BlackElo "2355"]
[Result "1-0"]
[Round "04"]
[TimeControl "180+2"]
[Date "2023.01.17"]
[WhiteClock "0:01:18"]
[BlackClock "0:00:59"]

1. Nf3 d6 2. c4 g6 3. d4 Bg7 4. g3 Nf6 5. Bg2 O-O 6. O-O Bf5 7. Nc3 Ne4 8. Nh4 Nxc3 9. bxc3 Bc8 10. e4 c5 11. Be3 Qa5 12. Qb3 Nc6 13. Nf3 b6 14. d5 Ne5 15. Nxe5 Bxe5 16. Bd2 Ba6 17. a4 Bg7 18. f4 Bc8 19. Rfe1 Qa6 20. e5 Bf5 21. Re3 dxe5 22. fxe5 Bh6 23. Bf1 Bxe3+ 24. Bxe3 Rad8 25. Qb5 Qc8 26. Bg2 Bh3 27. Qb1 Bxg2 28. Kxg2 Qg4 29. Qd3 f6 30. h3 Qd7 31. Bh6 Rf7 32. e6 Qxe6 33. dxe6 1-0


[Site "https://www.chess.com"]

[Event "Titled Tuesday Blitz January 17 Early 2023"]
[White "Harsh Suresh"]
[Black "Sielecki, Christof"]
[WhiteFideId "45018464"]
[BlackFideId "4620437"]
[WhiteElo "2298"]
[BlackElo "2419"]
[Result "1-0"]
[Round "04"]
[TimeControl "180+2"]
[Date "2023.01.17"]
[WhiteClock "0:00:08"]
[BlackClock "0:00:06"]

1. e4 c5 2. Nc3 a6 3. g3 b5 4. Bg2 Bb7 5. Nge2 e6 6. O-O Nf6 7. d4 cxd4 8. Nxd4 b4 9. Na4 Bxe4 10. Bxe4 Nxe4 11. Re1 Nc5 12. Qf3 Ra7 13. Nxc5 Bxc5 14. Be3 Rc7 15. Nf5 O-O 16. Bxc5 Rxc5 17. Nd6 Qb6 18. Rad1 Rxc2 19. Re4 Nc6 20. h4 f5 21. Rf4 Ne5 22. Qb3 Qc5 23. Nxf5 Rf7 24. Ne3 Rxf4 25. Qxc2 Qxc2 26. Nxc2 Rc4 27. Ne3 Rd4 28. Rc1 Nd3 29. Rc8+ Kf7 30. b3 Ne5 31. Ra8 Rd2 32. Rxa6 Nd3 33. Nc4 1-0


[Site "https://www.chess.com"]

[Event "Titled Tuesday Blitz January 17 Early 2023"]
[White "Movsesian, Sergei"]
[Black "Guzman, Christopher"]
[WhiteFideId "310204"]
[BlackFideId "6405096"]
[WhiteElo "2610"]
[BlackElo "2271"]
[Result "1-0"]
[Round "04"]
[TimeControl "180+2"]
[Date "2023.01.17"]
[WhiteClock "0:01:49"]
[BlackClock "0:01:47"]

1. e4 c6 2. d4 d5 3. e5 Bf5 4. Nd2 e6 5. Nb3 c5 6. dxc5 a5 7. a4 Nc6 8. Bb5 f6 9. Nf3 Qc7 10. exf6 Nxf6 11. Nfd4 Bg4 12. f3 Bf5 13. g4 Bg6 14. Nxe6 Qd7 15. Qe2 Kf7 16. Ng5+ Kg8 17. O-O Re8 18. Qf2 h6 19. Nh3 Kh7 20. Nf4 Bf7 21. Bd2 Qc7 22. Rae1 Be7 23. Bd3+ Kg8 24. Ng6 Bxg6 25. Bxg6 Rd8 26. Re6 Ne5 27. Bf4 Nfd7 28. Rxe7 1-0


[Site "https://www.chess.com"]

[Event "Titled Tuesday Blitz January 17 Early 2023"]
[White "Yelisieiev, Yevhenii"]
[Black "Harsha Bharathakoti"]
[WhiteFideId "14139642"]
[BlackFideId "5078776"]
[WhiteElo "2418"]
[BlackElo "2602"]
[Result "1-0"]
[Round "04"]
[TimeControl "180+2"]
[Date "2023.01.17"]
[WhiteClock "0:00:10"]
[BlackClock "0:00:02"]

1. d4 Nf6 2. Nf3 c5 3. d5 b5 4. c4 b4 5. Qc2 g6 6. a3 Bg7 7. e4 d6 8. Bd3 O-O 9. O-O Bg4 10. Nbd2 Nbd7 11. h3 Bxf3 12. Nxf3 a5 13. Re1 Qc7 14. Bf4 Ne5 15. Nxe5 dxe5 16. Be3 Nd7 17. axb4 axb4 18. b3 Ra7 19. Qb2 Rfa8 20. g4 Ra3 21. Rab1 Ra2 22. Qc1 Nb6 23. Re2 R2a3 24. Bc2 Nc8 25. f3 Nd6 26. Qf1 R8a5 27. Bc1 Ra2 28. Bd3 Ra1 29. Rxa1 Rxa1 30. Re1 Bf6 31. Bb2 Ra2 32. Qf2 Bh4 33. Qxh4 Rxb2 34. Rb1 Rd2 35. Bf1 Qa7 36. g5 Qa2 37. Qe1 h5 38. gxh6 Kh7 39. Rd1 Rxd1 40. Qxd1 Qb2 41. Bd3 Kxh6 42. Qc2 Qxc2 43. Bxc2 Kg5 44. Kg2 Kf4 45. Kf2 Ne8 46. h4 Nf6 47. Bd3 Nh7 48. Bf1 Nf8 49. Bh3 Nh7 50. Bc8 Nf6 51. Bh3 Nh5 52. Bc8 g5 53. Bg4 Nf6 54. h5 Nh7 55. Bf5 Nf8 56. h6 e6 57. h7 Nxh7 58. Bxh7 1-0


[Site "https://www.chess.com"]

[Event "Titled Tuesday Blitz January 17 Early 2023"]
[White "Rustemov, Alexander"]
[Black "Lymar, Vladislav"]
[WhiteFideId "4119002"]
[BlackFideId "14162180"]
[WhiteElo "2525"]
[BlackElo "2119"]
[Result "1-0"]
[Round "04"]
[TimeControl "180+2"]
[Date "2023.01.17"]
[WhiteClock "0:00:06"]
[BlackClock "0:00:01"]

1. d4 d5 2. c4 e6 3. Nc3 c5 4. cxd5 exd5 5. Nf3 Nc6 6. g3 Nf6 7. Bg2 Be7 8. O-O O-O 9. Bg5 c4 10. e3 Be6 11. Nd2 Qa5 12. a3 Rfd8 13. b4 Qc7 14. b5 Na5 15. Qc2 Rac8 16. Rfc1 Qd7 17. a4 a6 18. Qd1 h6 19. Bxf6 Bxf6 20. Rcb1 Rb8 21. Rb2 Be7 22. h4 Qe8 23. Qb1 Qf8 24. Qc2 Ba3 25. Rbb1 Bb4 26. Qb2 Be7 27. Kh2 g5 28. Nf3 Nb3 29. Ra2 f6 30. Rh1 axb5 31. Nxb5 Bd7 32. Nd2 Nxd2 33. Qxd2 Bc6 34. hxg5 hxg5 35. Kg1 Ra8 36. Nc3 Bb4 37. Qc2 Qf7 38. Bf3 f5 39. g4 Bxc3 40. Qxc3 Rf8 41. Rh5 Qg6 42. Kg2 Kg7 43. Ra1 fxg4 44. Bxg4 Qe4+ 45. f3 Qg6 46. Rah1 Rh8 47. Qb4 Qf6 48. a5 Rxh5 49. Rxh5 Re8 50. Qb6 Rxe3 51. Kf2 Qe7 52. f4 gxf4 53. Bf3 Re1 54. Kg2 Rd1 55. Re5 Qf6 56. Qc7+ Kg8 57. Qb8+ Kg7 58. Qc7+ Kg8 59. Qb8+ Kh7 60. Rh5+ Kg6 61. Qg8+ Qg7 62. Rg5+ Kxg5 63. Qxg7+ Kf5 64. Qf7+ Kg5 65. Qe7+ Kf5 66. Qe5+ Kg6 67. Bxd5 Rd2+ 68. Kf3 c3 69. Kxf4 c2 70. Qf5+ Kg7 71. Qg5+ Kf8 72. Qf6+ Ke8 73. Qe6+ Kd8 74. Qd6+ Ke8 75. Qb8+ Kd7 76. Bxc6+ bxc6 77. Qb2 Rf2+ 78. Ke3 Rh2 79. Qc1 Rg2 80. Kd3 Kc7 81. Kc4 Kb7 82. Qe3 Ka6 83. Kb3 Kxa5 84. Kb2 1-0


[Site "https://www.chess.com"]

[Event "Titled Tuesday Blitz January 17 Early 2023"]
[White "Bethke, Richard"]
[Black "Van Foreest, Lucas"]
[WhiteFideId "12959243"]
[BlackFideId "1039792"]
[WhiteElo "2382"]
[BlackElo "2556"]
[Result "0-1"]
[Round "04"]
[TimeControl "180+2"]
[Date "2023.01.17"]
[WhiteClock "0:00:01"]
[BlackClock "0:01:55"]

1. e4 b5 2. Bxb5 Bb7 3. Nc3 f5 4. d3 Nf6 5. Qe2 fxe4 6. dxe4 e6 7. Bd2 Nc6 8. Nf3 Bc5 9. h3 O-O 10. O-O-O Qe7 11. e5 Nh5 12. Bg5 Qf7 13. Ne4 Bb6 14. c3 Nf4 15. Bxf4 Qxf4+ 16. Ned2 a6 17. Bd3 Qa4 18. Kb1 Ne7 19. Nc4 Bd5 20. b3 Qc6 21. Bxh7+ Kxh7 22. Ng5+ Kg8 23. Rhe1 g6 24. Qg4 Rxf2 25. Nf3 Bxf3 26. gxf3 Qxf3 27. Qh4 Qxc3 28. Qxe7 Qc2+ 0-1


[Site "https://www.chess.com"]

[Event "Titled Tuesday Blitz January 17 Early 2023"]
[White "Kilic, Eray"]
[Black "Taboas Rodriguez, Daniel"]
[WhiteFideId "44517173"]
[BlackFideId "2208466"]
[WhiteElo "2414"]
[BlackElo "2371"]
[Result "1-0"]
[Round "04"]
[TimeControl "180+2"]
[Date "2023.01.17"]
[WhiteClock "0:00:38"]
[BlackClock "0:00:08"]

1. e4 e5 2. Nf3 Nc6 3. Bb5 Nf6 4. d3 d6 5. O-O Bd7 6. h3 g6 7. Re1 Bg7 8. d4 exd4 9. Bxc6 Bxc6 10. e5 dxe5 11. Rxe5+ Kf8 12. Nbd2 Nd5 13. Re1 Ne7 14. Ne4 Qd5 15. Bg5 Nf5 16. Qd2 h6 17. Bf6 Re8 18. Qb4+ Kg8 19. Nfd2 Nd6 20. Bxg7 Nxe4 21. Bxh8 Kxh8 22. Nxe4 Rxe4 23. f3 Rxe1+ 24. Rxe1 Kg7 25. Rd1 Qxa2 26. Qxd4+ Kh7 27. Qf6 Qc4 28. b3 Qc5+ 29. Kh1 Bd5 30. c4 Be6 31. Rd8 1-0


[Site "https://www.chess.com"]